 Dungeon Crawl Stone Soup version 0.31-a0-175-g9f7f995f2b (webtiles) character file.

Game seed: 17507726172996743239

41 qw the Shooter (level 3, -1/32 HPs)
             Began as a Naga Hunter on June 16, 2023.
             Killed by nerve-wracking pain
             ... invoked by Jessica
              (14 damage)
             ... on level 2 of the Dungeon.
             The game lasted 00:00:23 (856 turns).

qw the Shooter (Naga Hunter)                         Turns: 856, Time: 00:00:23

Health: -1/32      AC:  2    Str: 19    XL:     3   Next: 52%
Magic:  3/3        EV:  9    Int:  9    God:
Gold:   38         SH:  0    Dex: 16    Spells: 2/2 levels left

rFire   . . .        Y - +1 shortbow
rCold   . . .        (shield currently unavailable)
rNeg    . . .        c - +0 leather armour
rPois   +            (no helmet)
rElec   .            (no cloak)
rCorr   .            (no gloves)
SInv    +            (no barding)
Will    .....        (no amulet)
Stlth   ++           d - +6 ring of strength
HPRegen 0.25/turn    (no ring)
MPRegen 0.08/turn

%: no passive effects
@: short of breath, very slow
A: AC +1, large, see invisible, deformed body, poison resistance, slowness 2,
spit poison 1, naga tail 1
a: Spit Poison


You were on level 2 of the Dungeon.
You visited 1 branch of the dungeon, and saw 2 of its levels.

You collected 86 gold pieces.
You spent 48 gold pieces at shops.


Innate Abilities, Weirdness & Mutations

Your serpentine skin is tough. (AC +1)
You have supernaturally acute eyesight. (SInv)
Armour fits poorly on your strangely shaped body.
Your system is resistant to poisons. (rPois)
You cover ground very slowly.
You can spit poison.
You have a snake-like lower body.


   Skills:
 - Level 2.0 Fighting
 + Level 4.7 Ranged Weapons
 - Level 1.5 Dodging
 - Level 1.5 Stealth


You had 2 spell levels left.
You didn't know any spells.
Your spell library was empty.

Inventory:

Hand Weapons
 Y - a +1 shortbow (weapon)
Armour
 c - a +0 leather armour (worn)
Jewellery
 d - a +6 ring of strength (left hand)
Scrolls
 i - a scroll of identify
Potions
 a - a potion of brilliance {unknown}

Dungeon Overview and Level Annotations

Branches:
Dungeon (2/15)

Altars:

Shops:
D:1 !?:*

Annotations:
D:2 Jessica


Message History

The goblin hits you with a +0 short sword.
The goblin hits you but does no damage.
851 ||| INVOKING Spit Poison.
Aiming: Spit Poison (2% risk of failure)
Press: ? - help, Shift-Dir - straight line, f - goblin, p - Jessica The splash of poison hits the goblin!
The goblin is poisoned.
You kill the goblin!
Jessica mumbles some strange words.
Jessica blinks!
You shoot an arrow. The arrow hits the dart slug.
The dart slug is moderately wounded.
Jessica mumbles some strange words.
Jessica blinks!
The dart slug launches a dart at you. The slug dart hits you.
The dart slug bites you but does no damage.
You shoot an arrow. The arrow hits the dart slug.
The dart slug is heavily wounded.
You have got your breath back.
A hobgoblin comes into view.
The dart slug closely misses you.
854 ||| INVOKING Spit Poison.
Aiming: Spit Poison (2% risk of failure)
Press: ? - help, Shift-Dir - straight line, f/p - dart slug The splash of poison hits the dart slug!
The dart slug is poisoned.
You kill the dart slug!
Jessica casts a spell.
Jessica blinks!
You shoot an arrow. The hobgoblin shouts!
The arrow hits Jessica.
Jessica is severely wounded.
Jessica gestures at you while chanting. Pain shoots through your body!
You shoot an arrow. The arrow closely misses Jessica.
You feel yourself speed up.
Jessica points at you and mumbles some strange words.
Pain shoots through your body!
You die...

.. #.. ....
..# ....# #..
....#..#
.)#.#.#.#
..#.#..#
#.#.#.#)#
.....@.@##
....g....####
............##
.............#
...#####.....#
.. #.....# .
#.....###
#####...#
###.#


You could see Jessica (fast) and a hobgoblin.

Vanquished Creatures
  2 dart slugs (D:2)
  2 bats (D:1)
  3 endoplasms
  A giant cockroach (D:2)
  3 hobgoblins
  4 jackals (D:2)
  7 ball pythons
  A frilled lizard (D:2)
  4 goblins
  4 kobolds
  3 rats (D:1)
34 creatures vanquished.

Notes
Turn   | Place    | Note
-------+----------+-------------------------------------------
     0 | D:1      | qw the Naga Hunter began the quest for the Orb.
     0 | D:1      | Reached XP level 1. HP: 19/19 MP: 1/1
     0 | D:1      | 0 ||| qw: Version: 0.2-a-29-g511e9b1
     0 | D:1      | 0 ||| qw: Game counter: 5696
     0 | D:1      | 0 ||| qw: Always use a shield: true
     0 | D:1      | 0 ||| qw: God list: Okawaru
     0 | D:1      | 0 ||| qw: Allow faded altars: false
     0 | D:1      | 0 ||| qw: Do Orc after D:15 true
     0 | D:1      | 0 ||| qw: Do second Lair branch before Depths: true
     0 | D:1      | 0 ||| qw: Lair rune preference: random
     0 | D:1      | 0 ||| qw: Plans: Normal
     0 | D:1      | 0 ||| PLANNING D:1-11
    44 | D:1      | Found a faded altar of an unknown god.
    49 | D:1      | 49 ||| INVOKING Spit Poison.
    52 | D:1      | 52 ||| INVOKING Spit Poison.
    94 | D:1      | 94 ||| INVOKING Spit Poison.
   101 | D:1      | 101 ||| INVOKING Spit Poison.
   117 | D:1      | 117 ||| INVOKING Spit Poison.
   164 | D:1      | Reached skill level 4 in Ranged Weapons
   164 | D:1      | Reached XP level 2. HP: 26/26 MP: 2/2
   167 | D:1      | 167 ||| INVOKING Spit Poison.
   197 | D:1      | 197 ||| INVOKING Spit Poison.
   201 | D:1      | Found Vorhevu's Assorted Antiques.
   205 | D:1      | 205 ||| SHOPLISTING 2 grey potions (50 gold, have 28).
   205 | D:1      | 205 ||| BUYING scroll labelled ICEUL FUCYRPH (28 gold).
   205 | D:1      | Bought a scroll labelled ICEUL FUCYRPH for 28 gold pieces
   205 | D:1      | 205 ||| SHOPLISTING scroll labelled NABEPA UQONOO (28 gold,
                  | have 0).
   208 | D:1      | Found Ydeshrud's Book Shoppe.
   311 | D:1      | 311 ||| INVOKING Spit Poison.
   316 | D:1      | 316 ||| INVOKING Spit Poison.
   366 | D:1      | 366 ||| INVOKING Spit Poison.
   381 | D:1      | Found Birips's Distillery.
   392 | D:1      | 392 ||| SHOPLISTING 2 potions of curing (66 gold, have 28).
   392 | D:1      | 392 ||| SHOPLISTING potion of haste (110 gold, have 28).
   392 | D:1      | 392 ||| SHOPLISTING potion of heal wounds (55 gold, have
                  | 28).
   392 | D:1      | 392 ||| SHOPLISTING potion of might (44 gold, have 28).
   392 | D:1      | 392 ||| SHOPLISTING potion of mutation (88 gold, have 28).
   502 | D:1      | Found Zesistra's Magic Scroll Emporium.
   505 | D:1      | 505 ||| SHOPLISTING scroll of enchant armour (75 gold, have
                  | 33).
   505 | D:1      | 505 ||| BUYING scroll of identify (20 gold).
   505 | D:1      | Bought a scroll of identify for 20 gold pieces
   505 | D:1      | 505 ||| SHOPLISTING scroll of identify (20 gold, have 13).
   505 | D:1      | 505 ||| SHOPLISTING scroll of teleportation (30 gold, have
                  | 13).
   602 | D:1      | 602 ||| UPGRADING to +6 ring of strength.
   603 | D:1      | 603 ||| READING scroll labelled MASIKHL YHAMAM.
   604 | D:1      | 604 ||| READING scroll labelled ICEUL FUCYRPH.
   605 | D:1      | 605 ||| READING scroll labelled IRARPH YCHOLO.
   606 | D:1      | 606 ||| READING 2 scrolls of identify.
   606 | D:1      | 606 ||| IDENTIFYING lumpy white potion
   607 | D:1      | 607 ||| DROPPING scroll of butterflies.
   608 | D:1      | 608 ||| DROPPING potion of invisibility.
   643 | D:2      | 643 ||| INVOKING Spit Poison.
   661 | D:2      | 661 ||| INVOKING Spit Poison.
   690 | D:2      | 690 ||| INVOKING Spit Poison.
   695 | D:2      | Reached XP level 3. HP: 32/32 MP: 3/3
   695 | D:2      | 695 ||| INVOKING Spit Poison.
   700 | D:2      | 700 ||| INVOKING Spit Poison.
   758 | D:2      | 758 ||| INVOKING Spit Poison.
   762 | D:2      | 762 ||| INVOKING Spit Poison.
   766 | D:2      | 766 ||| INVOKING Spit Poison.
   770 | D:2      | 770 ||| INVOKING Spit Poison.
   777 | D:2      | 777 ||| INVOKING Spit Poison.
   842 | D:2      | 842 ||| INVOKING Spit Poison.
   842 | D:2      | Noticed Jessica
   846 | D:2      | 846 ||| INVOKING Spit Poison.
   851 | D:2      | 851 ||| INVOKING Spit Poison.
   854 | D:2      | 854 ||| INVOKING Spit Poison.
   856 | D:2      | Killed from afar by Jessica

Levels and vault maps discovered:
D:1:      ncdulo_watergridlock, layout_loops_ring, serial_shops,
          nicolae_shop_industrial_runoff, nicolae_shop_tiny_real_fake_doors,
          shop, nicolae_shop_behind_doors, shapermc_ecumenical_altar_rom_forum,
          minmay_misc_feat_x
D:2:      layout_basic, minmay_misc_feat_tower, hangedman_decor_riveting,
          uniq_terence, uniq_jessica

Skill      XL: |  1 |
---------------+----+-----
Ranged Weapons | 4 |  4.7
Fighting       | |  2.0
Dodging        | |  1.5
Stealth        | |  1.5

Action                     || total
---------------------------++-------
   Fire: Shortbow          ||    64
Ability: Spit Poison       ||    24
    Use: Scroll            ||     4
 Armour: Leather armour    ||     8
  Dodge: Dodged            ||    20

Table legend:
 A = Non-vault XP
 B = Vault XP
 C = Vault XP percentage of total XP
 D = Non-vault monster count
 E = Vault monster count
 F = Vault count percentage of total count
                 A         B        C        D         E       F
            +---------+---------+-------+---------+---------+-------
      Total |      59 |       0 |   0.0 |      34 |       0 |   0.0
            +---------+---------+-------+---------+---------+-------
        D:1 |      23 |       0 |   0.0 |      16 |       0 |   0.0
        D:2 |      36 |       0 |   0.0 |      18 |       0 |   0.0
            +---------+---------+-------+---------+---------+-------
